 Dungeon Crawl Stone Soup version 0.24.0-37-gcf1ca852f1 (webtiles) character file.

Game seed: 9154322844297601481, levelgen mode: deterministic

1466 PentaManta the Basher (level 8, -2/46 HPs)
             Began as a Gargoyle Monk on Dec 2, 2019.
             Was a Believer of Okawaru.
             Slain by a two-headed ogre
             ... wielding a +0 giant club
              (14 damage)
             ... on level 6 of the Dungeon.
             The game lasted 00:11:18 (4945 turns).

PentaManta the Basher (Gargoyle Monk)               Turns: 4945, Time: 00:11:18

Health: -2/46      AC: 20    Str: 16    XL:     8   Next: 77%
Magic:  8/8        EV: 10    Int: 11    God:    Okawaru [**....]
Gold:   409        SH:  0    Dex: 13    Spells: 7/7 levels left

rFire    + . .     SeeInvis .   H - +3 mace
rCold    . . .     Gourm    .   (no shield)
rNeg     + + .     Faith    .   E - +0 pearl dragon scales
rPois    ∞         Spirit   .   e - +0 helmet (curse)
rElec    +         Reflect  .   (no cloak)
rCorr    +         Harm     .   (no gloves)
MR       .....                  f - +0 pair of boots
Stlth    ..........             p - amulet of rage
HPRegen  0.15/turn              q - ring of resist corrosion
MPRegen  0.11/turn              g - ring of protection from fire

@: no status effects
A: negative energy resistance 1, electricity resistance, unbreathing,
petrification resistance, rot immunity, AC +5
a: Heroism, Renounce Religion, Evoke Berserk Rage


You were on level 6 of the Dungeon.
You worshipped Okawaru.
Okawaru was pleased with you.
You were hungry.

You visited 2 branches of the dungeon, and saw 7 of its levels.

You collected 409 gold pieces.

Inventory:

Hand Weapons
 x - a +0 dagger of speed
 y - a +0 flail
 H - a +3 mace (weapon)
Missiles
 t - 4 curare-tipped darts (quivered)
 v - 2 poisoned darts
Armour
 e - a cursed +0 helmet (worn)
 f - a +0 pair of boots (worn)
 E - +0 pearl dragon scales (worn)
Jewellery
 g - a ring of protection from fire (right hand)
 p - an amulet of rage (around neck)
 q - a ring of resist corrosion (left hand)
Wands
 u - a wand of flame (47)
 C - a wand of scattershot (5)
 G - a wand of digging (7)
Scrolls
 b - 5 scrolls of amnesia {unknown}
 d - 5 scrolls of remove curse {unknown}
 h - a scroll of fear {unknown}
 j - a scroll of teleportation {unknown}
 l - 8 scrolls of identify {unknown}
 m - 2 scrolls of enchant weapon {unknown}
 z - a scroll of noise {unknown}
 A - 2 scrolls of enchant armour {unknown}
 B - a scroll of magic mapping {unknown}
 F - 4 scrolls of random uselessness {unknown}
Potions
 a - 4 potions of ambrosia {unknown}
 i - 4 potions of curing {unknown}
 k - 5 potions of heal wounds {unknown}
 n - 4 potions of flight {unknown}
 o - a potion of might {unknown}
 r - a potion of haste {unknown}
 s - a potion of agility {unknown}
 w - a potion of berserk rage {unknown}
 D - a potion of degeneration {unknown}
Comestibles
 c - 17 rations


   Skills:
 - Level 3.2 Fighting
 * Level 9.2 Maces & Flails
 + Level 6.1 Armour
 - Level 3.0 Dodging
 - Level 2.1 Stealth


You had 7 spell levels left.
You didn't know any spells.
Your spell library was empty.

Dungeon Overview and Level Annotations

Branches:
Dungeon (6/15)             Temple (1/1) D:5

Altars:
Ashenzari
Cheibriados
Dithmenos
Elyvilon
Hepliaklqana
Makhleb
Nemelex Xobeh
Okawaru
Qazlal
Ru
Sif Muna
Trog
Uskayaw
Vehumet
Wu Jian
Xom
Yredelemnul
Zin


Innate Abilities, Weirdness & Mutations

You are resistant to torment.
Your stone body is resilient. (AC +5)
You are immune to poison.
You resist negative energy. (rN+)
You are resistant to electric shocks. (rElec)
You can survive without breathing.
You are immune to petrification.
You are immune to rotting.


Message History

The two-headed ogre hits you but does no damage.
Your unstable footing causes you to fumble your attack.
The two-headed ogre barely misses you.
The two-headed ogre hits you with a +0 giant club!!
You hit the two-headed ogre.
The two-headed ogre is lightly wounded.
The two-headed ogre closely misses you.
The two-headed ogre hits you but does no damage.
Throwing (i - inventory. (/) - cycle)
t - 5 curare-tipped darts (quivered)
Press: ? - help, Shift-Dir - straight line, f - two-headed ogre
Aim: a two-headed ogre, wielding two +0 giant clubs (lightly wounded)
You throw a curare-tipped dart.
The curare-tipped dart hits the two-headed ogre.
The two-headed ogre is poisoned.
The two-headed ogre convulses.
The two-headed ogre seems to slow down.
The two-headed ogre is moderately wounded.
The two-headed ogre hits you with a +0 giant club!
* * * LOW HITPOINT WARNING * * *
The two-headed ogre hits you with a +0 giant club!
You die...

#....≈## ##≈######
......# #.##.≈#
#≈##...# ......#
#.≈≈≈≈# #≈≈≈≈..#
......# #.≈#≈≈#
#≈≈#≈..###......#
#.≈##≈#
#≈##≈.....†.....#
#.≈≈###
###≈≈...........#
#.#≈≈#
#≈≈...###......###+
#.##≈# #≈....##
#.####....# #.##≈#
#≈.@...# .# #...
#.≈≈≈# #≈.O...# #^#
#.## #.≈#≈#
#≈.###.###.# #.##
#.≈###
#≈####.....######...
##≈≈##
#≈≈≈######..........
##≈≈# #≈#≈#
##........... ##≈#
###≈# #...(........
#≈# ##≈≈#
#..>......... #≈#
##≈≈#####............


You could see a two-headed ogre.

Vanquished Creatures
  Menkaure (D:4)
  2 sky beasts (D:5)
  An ogre (D:4)
  A centaur (D:6)
  Blork the orc (D:4)
  2 bullfrogs (D:6)
  2 scorpions
  A wyvern skeleton (D:6)
  5 wights (D:6)
  2 crimson imps (D:5)
  A hound (D:5)
  A jelly (D:5)
  An orc priest (D:5)
  2 orc wizards (D:5)
  A bullfrog skeleton (D:5)
  A worker ant (D:5)
  A hound skeleton (D:5)
  A worker ant zombie (D:5)
  6 adders
  3 worms
  3 dart slugs
  3 leopard geckos
  9 orcs
  10 giant cockroaches
  7 goblins
  9 hobgoblins
  8 jackals
  8 kobolds
  3 quokkas
  A ball python (D:2)
  10 bats
  2 frilled lizards
  A jackal zombie (D:5)
  8 rats
118 creatures vanquished.

Notes
Turn   | Place    | Note
-------+----------+-------------------------------------------
     0 | D:1      | PentaManta the Gargoyle Monk began the quest for the Orb.
     0 | D:1      | Reached XP level 1. HP: 14/14 MP: 1/1
   109 | D:1      | Reached XP level 2. HP: 2/19 MP: 2/2
   753 | D:1      | Reached XP level 3. HP: 23/23 MP: 3/3
  1019 | D:2      | Reached skill level 4 in Maces & Flails
  1128 | D:2      | Found a faded altar of an unknown god.
  1196 | D:2      | Reached XP level 4. HP: 25/28 MP: 4/4
  1606 | D:2      | Reached skill level 1 in Armour
  2403 | D:3      | Reached XP level 5. HP: 32/32 MP: 5/5
  2485 | D:3      | Found a shattered altar of Ashenzari.
  2565 | D:3      | Found a hazy altar of Hepliaklqana.
  2929 | D:4      | Noticed Blork the orc
  2938 | D:4      | Killed Blork the orc
  2938 | D:4      | Reached skill level 5 in Maces & Flails
  3005 | D:4      | Noticed an ogre
  3010 | D:4      | Killed an ogre
  3010 | D:4      | Reached XP level 6. HP: 37/37 MP: 6/6
  3022 | D:4      | You fall into a shaft and drop 2 floors!
  3030 | D:5      | Entered Level 5 of the Dungeon
  3085 | D:4      | Reached skill level 6 in Maces & Flails
  3100 | D:4      | Noticed Menkaure
  3413 | D:4      | Killed Menkaure
  3413 | D:4      | Reached XP level 7. HP: 27/41 MP: 7/7
  3485 | D:5      | Reached skill level 7 in Maces & Flails
  3870 | D:5      | Found a staircase to the Ecumenical Temple.
  3881 | Temple   | Entered the Ecumenical Temple
  3956 | Temple   | Became a worshipper of Warmaster Okawaru
  3956 | Temple   | Reached * piety under Okawaru
  3956 | Temple   | Reached ** piety under Okawaru
  4211 | D:5      | Reached XP level 8. HP: 45/46 MP: 8/8
  4336 | D:5      | Reached skill level 8 in Maces & Flails
  4336 | D:5      | Reached skill level 5 in Armour
  4717 | D:6      | Noticed a two-headed ogre
  4836 | D:6      | Reached skill level 9 in Maces & Flails
  4945 | D:6      | Slain by a two-headed ogre

Levels and vault maps discovered:
D:1:      minmay_arrival_split_and_join, layout_rooms, minmay_tromino_v7
D:2:      layout_loops_ring, chequers_ecumenical_altar_simple
D:3:      layout_basic, lemuel_round_altar, lemuel_doored_altar, first_ration
D:4:      layout_cave_pools, uniq_blork_the_orc, uniq_menkaure
D:5:      layout_basic, temple_pool_b
D:6:      layout_rooms, kennysheep_little_box, minmay_manual_mullet
Temple:   eino_temple_scatter_basement

Skill      XL: |  1  2  3  4  5  6  7  8 |
---------------+-------------------------+-----
Maces & Flails | 4 5 6 7 9 |  9.2
Dodging        | 3 |  3.0
Armour         | 1 2 3 4 6 |  6.1
Fighting       | |  3.2
Stealth        | |  2.1

Action                   |  1- 3 |  4- 6 |  7- 9 || total
-------------------------+-------+-------+-------++-------
Melee: Mace              |    49 |   207 |    22 ||   278
       Club              |    11 |       |       ||    11
       Dagger            |   120 |    55 |       ||   175
       Flail             |       |    41 |   162 ||   203
Throw: Dart              |       |     1 |     1 ||     2
Evoke: Wand              |       |     2 |       ||     2
 Stab: Sleeping          |     8 |     1 |       ||     9
  Eat: Chunk             |     1 |     7 |     2 ||    10
       Ration            |       |       |     1 ||     1
Armor: Robe              |    61 |    42 |       ||   103
       Ring mail         |       |    91 |    20 ||   111
       Pearl dragon scal |       |       |    78 ||    78
Dodge: Dodged            |   122 |   201 |    81 ||   404
